AoeStats
← CazadorGT

Arabia

510411043Analyzed
2v2 RM · 1d ago on Sep 30, 2026· 54m 41s· 4 players
Game mode
Random Map
Map size
Medium (4 player)
Population
200
Speed
Normal
Resources
Standard
Victory
Conquest
Starting age
Dark Age
Ending age
Imperial Age
RankedLock teamsTeams togetherTeam positionsShared explorationLock speedFull tech treeHidden civsTurbo modeCheats
Victory
Defeat
🇩🇰 Danes · Denmark
1122
+17
🇩🇰 Goths · Denmark
1121
+17
🇬🇹 Persians · Guatemala
1190
-19
🇮🇹 Celts · Italy
1089
-15
Jub Jub
7:35 Loom
9:40 Feudal Age
11:54 Double-Bit Axe
13:49 Horse Collar
18:36 Castle Age
23:19 Wheelbarrow
24:52 Forging
24:43 Scale Mail Armor
25:59 Squires
29:01 Iron Casting
28:42 Chain Mail Armor
29:42 Heavy Plow
29:29 Town Watch
31:08 Hand Cart
32:26 Arson
40:58 Imperial Age
39:46 Fletching
43:02 Elite Varangian Guard
44:51 Elite Jomsviking
Abo Shajumaro
0:27 Loom
10:29 Feudal Age
11:22 Double-Bit Axe
11:33 Horse Collar
18:59 Castle Age
16:48 Man-at-Arms
20:20 Stone Mining
21:18 Forging
22:12 Bow Saw
22:23 Heavy Plow
25:56 Wheelbarrow
25:17 Town Watch
26:48 Squires
29:06 Iron Casting
29:48 Scale Mail Armor
31:52 Hand Cart
32:10 Pikeman
35:51 Imperial Age
34:21 Chain Mail Armor
35:55 Halberdier
37:37 Blast Furnace
38:28 Conscription
38:42 Elite Huskarl
40:52 Perfusion
40:56 Anarchy
42:27 Perfusion
42:27 Anarchy
CazadorGT
7:09 Loom
9:42 Feudal Age
10:21 Double-Bit Axe
10:19 Horse Collar
14:02 Fletching
19:41 Padded Archer Armor
25:01 Castle Age
24:49 Crossbowman
25:25 Bodkin Arrow
26:11 Bow Saw
26:02 Heavy Plow
29:50 Scale Barding Armor
30:21 Husbandry
30:57 Forging
31:19 Gold Mining
32:37 Bloodlines
35:29 Chain Barding Armor
38:13 Wheelbarrow
40:46 Imperial Age
40:48 Gold Shaft Mining
42:51 Plate Barding Armor
42:34 Elite War Elephant
45:02 Iron Casting
44:52 Hand Cart
verbumdei76
4:02 Loom
11:40 Feudal Age
15:58 Double-Bit Axe
15:40 Man-at-Arms
20:18 Scale Mail Armor
21:42 Forging
25:54 Castle Age
24:02 Horse Collar
25:30 Arson
26:23 Gold Mining
26:10 Long Swordsman
30:55 Scale Barding Armor
30:59 Town Watch
31:17 Fletching
33:16 Wheelbarrow
38:41 Chain Barding Armor
41:33 Chain Mail Armor
42:41 Iron Casting
46:40 Fervor
47:20 Heavy Plow
47:19 Bodkin Arrow
49:58 Bow Saw
52:24 Imperial Age
50:14 Gambesons
52:22 Masonry
Connection lost

Rejoining the realm…

Still unreachable

The connection could not be restored.

Session expired

The server has moved on; the page needs a fresh start.